 Dungeon Crawl Stone Soup version 0.20.1-1-g8b1a95d (console) character file.

4909 rafel the Zephyrmancer (level 10, -4/90 HPs)
             Began as a Halfling Air Elementalist on July 7, 2017.
             Was a Priest of Okawaru.
             Slain by a tengu warrior
             ... wielding a +1 battleaxe
              (13 damage)
             ... on level 10 of the Dungeon.
             The game lasted 00:59:52 (6778 turns).

rafel the Zephyrmancer (Halfling Air Elementalist)  Turns: 6778, Time: 00:59:53

Health: -4/90      AC:  5    Str: 14    XL:     10   Next: 80%
Magic:  7/13       EV: 18    Int: 21    God:    Okawaru [***...]
Gold:   404        SH:  0    Dex: 16    Spells: 2/12 levels left

rFire    + . .     SeeInvis +   u - +3 scimitar (freeze) (curse)
rCold    . . .     Gourm    .   (shield restricted)
rNeg     . . .     Faith    .   s - +0 robe {rF+}
rPois    .         Spirit   .   (no helmet)
rElec    .         Reflect  .   H - +0 cloak
rCorr    .         Harm     .   (no gloves)
MR       +....                  S - +0 pair of boots
Stlth    ..........             i - amulet of magic regeneration
Regen    0.3/turn               z - ring of see invisible
MPRegen  0.2/turn               w - +5 ring of intelligence

@: berserking, very quick
A: magic resistance 1, mutation resistance 1
a: Heroism, Renounce Religion


You were on level 10 of the Dungeon.
You worshipped Okawaru.
Okawaru was most pleased with you.
You were not hungry.

You visited 2 branches of the dungeon, and saw 11 of its levels.

You collected 404 gold pieces.

Inventory:

Hand Weapons
 q - a +0 whip of flaming
 u - a cursed +3 scimitar of freezing (weapon)
 E - a +0 rapier
 F - a +2 dagger of venom
Missiles
 h - 44 sling bullets
 y - 34 poisoned needles
 T - 4 tomahawks (quivered)
Armour
 n - the +0 ring mail of the Eternal Void {+Fly rC+ Int+3 Dex-4, unknown}
   (You found it on level 4 of the Dungeon)

   It affects your intelligence (+3).
   It affects your dexterity (-4).
   It protects you from cold.
   It lets you fly.
 s - a +0 robe of fire resistance (worn)
 H - a +0 cloak (worn)
 S - a +0 pair of boots (worn)
Jewellery
 e - an uncursed ring of teleportation
 i - an amulet of magic regeneration (around neck)
 o - an uncursed amulet of rage
 r - an uncursed amulet of guardian spirit
 w - a +5 ring of intelligence (right hand)
 z - a ring of see invisible (left hand)
 D - an uncursed ring of fire
Wands
 t - a wand of lightning (4/15)
 J - a wand of iceblast (9/15)
 N - a wand of digging (12/24)
 O - a wand of acid (9/15)
 V - a wand of enslavement (0/24)
Scrolls
 a - 2 scrolls of magic mapping
 m - a scroll of amnesia
 p - 4 scrolls of fog
 B - a scroll of blinking
 I - a scroll of immolation
 M - 3 scrolls of enchant armour
 P - a scroll of teleportation
Potions
 f - 4 potions of mutation
 g - 2 potions of berserk rage
 k - a potion of magic
 l - a potion of cancellation
 v - 2 potions of heal wounds
 A - a potion of invisibility
 L - a potion of curing
 R - a potion of brilliance {unknown}
Books
 b - a book of Air

   Spells                             Type                      Level
   a - Shock                          Conjuration/Air              1
   b - Swiftness                      Charms/Air                   2
   c - Static Discharge               Conjuration/Air              3
   d - Airstrike                      Air                          4
   e - Lightning Bolt                 Conjuration/Air              5
 C - a book of Flames

   Spells                             Type                      Level
   a - Flame Tongue                   Conjuration/Fire             1
   b - Throw Flame                    Conjuration/Fire             2
   c - Conjure Flame                  Conjuration/Fire             3
   d - Inner Flame                    Hexes/Fire                   3
   e - Sticky Flame                   Conjuration/Fire             4
   f - Fireball                       Conjuration/Fire             5
 G - a book of Misfortune

   Spells                             Type                      Level
   a - Confusing Touch                Hexes                        1
   b - Confuse                        Hexes                        3
   c - Gell's Gravitas                Translocation                3
   d - Petrify                        Transmutation/Earth          4
   e - Metabolic Englaciation         Hexes/Ice                    5
   f - Yara's Violent Unravelling     Hexes/Transmutation          5
 K - a book of Transfigurations

   Spells                             Type                      Level
   a - Irradiate                      Conjuration/Transmutation    5
   b - Statue Form                    Transmutation/Earth          6
   c - Hydra Form                     Transmutation                6
   d - Dragon Form                    Transmutation                7
Comestibles
 c - 6 bread rations
 d - 13 fruits
 j - 8 meat rations
 x - 3 royal jellies
 Q - a chunk of flesh


   Skills:
 + Level 1.6 Fighting
 + Level 6.0 Armour
 - Level 5.0 Dodging
 + Level 8.4 Stealth
 - Level 1.5 Spellcasting
 - Level 0.7 Conjurations
 * Level 4.4 Hexes
 + Level 9.0 Air Magic
 - Level 5.0 Evocations


You had 2 spell levels left.
You knew the following spells:

 Your Spells              Type           Power        Failure   Level  Hunger
a - Shock                 Conj/Air       ###.         1%          1    #......
b - Confuse               Hex            ###.....     8%          3    ###....
c - Airstrike             Air            #####.....   3%          4    #####..
z - Swiftness             Chrm/Air       ###.....     3%          2    ###....


Dungeon Overview and Level Annotations

Branches:
Dungeon (10/15)            Temple (1/1) D:6
   Lair: D:8-11         Orc: D:9-12

Altars:
Ashenzari
Cheibriados
Dithmenos
Elyvilon
Fedhas
Gozag
Hepliaklqana
Kikubaaqudgha
Makhleb
Nemelex Xobeh
Okawaru
Qazlal
Ru
Sif Muna
Trog
Uskayaw
Vehumet
Xom
Zin
The Shining One

Shops:
D:5 %

Annotations:
D:3 tschems's ghost, amateur HuFi
D:4 Dowan; Duvessa
D:9 1 runed door


Innate Abilities, Weirdness & Mutations

You are small and have problems with some larger weapons.
You are somewhat resistant to further mutation.
You are resistant to hostile enchantments. (MR+)


Message History

The tengu warrior hits you with an enchanted battleaxe!!
* * * LOW HITPOINT WARNING * * *
The tengu warrior closely misses you.
The tengu warrior completely misses you.
You barely miss the tengu warrior.
The tengu warrior is lightly wounded.
The tengu warrior closely misses you.
The tengu warrior pecks you but does no damage.
The tengu warrior claws you but does no damage.
You completely miss the tengu warrior.
The tengu warrior is lightly wounded.
You hit the tengu warrior. You freeze the tengu warrior.
The tengu warrior is lightly wounded.
The tengu warrior hits you with an enchanted battleaxe!
* * * LOW HITPOINT WARNING * * *
The tengu warrior misses you. x2
You slash the tengu warrior! You freeze the tengu warrior.
The tengu warrior is moderately wounded.
The tengu warrior hits you with an enchanted battleaxe!
You die...

### ### #.#################.#
#...............@Q).#
..#################)# #.######
#.# .......# #Q#
#.############### #.# ##+###
#...............# #.# ###.....##
.............##.###.###.........
...................รท............
#.#######.#####.###.###(#.....#


You could see a tengu warrior.

Vanquished Creatures
  A two-headed ogre (D:9)
  An unseen horror (D:10)
  Pikel (D:4)
  A komodo dragon (D:10)
  Prince Ribbit (D:5)
  2 hippogriffs (D:9)
  Eustachio (D:7)
  A hungry ghost (D:8)
  An ice beast (D:6)
  3 sky beasts
  2 ogres
  A crocodile (D:8)
  A big kobold (D:9)
  2 bullfrogs (D:6)
  A scorpion (D:9)
  7 wights
  2 crimson imps
  A jelly (D:10)
  7 orc priests
  A bullfrog skeleton (D:6)
  A centaur zombie (D:5)
  A hound (D:10)
  4 iguanas
  6 worker ants
  6 orc wizards
  2 hound zombies (D:8)
  A hound skeleton (D:8)
  A worker ant zombie (D:8)
  6 gnolls
  A howler monkey skeleton (D:9)
  6 adders
  2 oozes
  An adder zombie (D:7)
  An adder skeleton (D:8)
  A worm (D:3)
  2 dart slugs
  4 leopard geckos
  23 orcs
  A ball python (D:1)
  6 bats
  5 giant cockroaches
  2 gnoll zombies (D:9)
  3 goblins
  4 hobgoblins
  4 jackals (D:5)
  7 kobolds
  6 quokkas
  A ball python skeleton (D:5)
  7 frilled lizards
  10 rats
163 creatures vanquished.

Vanquished Creatures (others)
  2 slaves (D:4)
  An adder (D:4)
  A bat (D:4)
4 creatures vanquished.

Grand Total: 167 creatures vanquished

Notes
Turn   | Place    | Note
-------+----------+-------------------------------------------
     0 | D:1      | rafel the Halfling Air Elementalist began the quest for the Orb.
     0 | D:1      | Reached XP level 1. HP: 11/11 MP: 3/3
    90 | D:1      | Reached XP level 2. HP: 7/17 MP: 0/4
   460 | D:2      | Found a sacrificial altar of Ru.
   563 | D:2      | Learned a level 2 spell: Swiftness
   619 | D:2      | Reached XP level 3. HP: 21/21 MP: 3/5
   952 | D:2      | Found a snail-covered altar of Cheibriados.
   952 | D:2      | Found a shadowy altar of Dithmenos.
  1108 | D:3      | Reached XP level 4. HP: 19/27 MP: 1/6
  1218 | D:3      | Noticed tschems's ghost (amateur HuFi)
  1349 | D:4      | Noticed a slave
  1350 | D:4      | Noticed a slave
  1350 | D:4      | Noticed a slave
  1351 | D:4      | Noticed Pikel
  1356 | D:4      | Noticed a slave
  1364 | D:4      | Killed Pikel
  1364 | D:4      | Reached skill level 5 in Air Magic
  1364 | D:4      | Reached XP level 5. HP: 8/31 MP: 3/7
  1364 | D:4      | Reached XP level 6. HP: 9/36 MP: 3/8
  1364 | D:4      | Reached XP level 7. HP: 11/41 MP: 3/9
  1372 | D:4      | Got a bloodstained ring mail
  1457 | D:4      | Noticed Eustachio
  1521 | D:3      | Noticed a moth of wrath
  1531 | D:3      | Found a bloodstained altar of Trog.
  1575 | D:3      | Learned a level 4 spell: Airstrike
  1692 | D:3      | Found a burning altar of Makhleb.
  2061 | D:4      | Found a shattered altar of Ashenzari.
  2196 | D:4      | Noticed Duvessa
  2247 | D:3      | Found a radiant altar of Vehumet.
  2371 | D:4      | Noticed Dowan
  2413 | D:4      | Reached skill level 6 in Air Magic
  2413 | D:4      | Reached XP level 8. HP: 45/46 MP: 4/10
  2536 | D:5      | Entered Level 5 of the Dungeon
  2551 | D:5      | Found a hide-covered altar of Uskayaw.
  2572 | D:5      | Reached skill level 5 in Stealth
  2718 | D:5      | Reached skill level 1 in Armour
  2762 | D:5      | Reached skill level 5 in Dodging
  2836 | D:5      | Noticed Prince Ribbit
  2883 | D:5      | Killed Prince Ribbit
  2948 | D:5      | Found a radiant altar of Vehumet.
  3141 | D:5      | Found Idghegup's Food Emporium.
  3162 | D:5      | Gained mutation: You are resistant to hostile enchantments. (MR+) [potion of mutation]
  3346 | D:5      | HP: 1/46 [sky beast (6)]
  3350 | D:5      | Reached skill level 7 in Air Magic
  3350 | D:5      | Reached XP level 9. HP: 11/51 MP: 12/12
  3448 | D:6      | Found a staircase to the Ecumenical Temple.
  3455 | Temple   | Entered the Ecumenical Temple
  3499 | Temple   | Became a worshipper of Warmaster Okawaru
  4104 | D:7      | Noticed a hippogriff
  4710 | D:7      | Killed Eustachio
  4710 | D:7      | Reached skill level 8 in Air Magic
  4786 | D:7      | Reached skill level 5 in Evocations
  4856 | D:7      | Learned a level 3 spell: Confuse
  5003 | D:8      | Reached * piety under Okawaru
  5028 | D:8      | Found a burning altar of Makhleb.
  5093 | D:8      | Reached skill level 1 in Hexes
  5123 | D:8      | Found a blossoming altar of Fedhas.
  5359 | D:8      | Found an opulent altar of Gozag.
  5874 | D:9      | Killed a hippogriff
  5874 | D:9      | Reached XP level 10. HP: 22/56 MP: 2/13
  5906 | D:9      | Reached skill level 5 in Armour
  6039 | D:9      | Noticed a two-headed ogre
  6072 | D:9      | Killed a two-headed ogre
  6072 | D:9      | Reached ** piety under Okawaru
  6164 | D:9      | Found a runed door.
  6164 | D:9      | Noticed a deep elf knight
  6164 | D:9      | Noticed a war gargoyle
  6166 | D:9      | Noticed a fire crab
  6166 | D:9      | Noticed a sphinx
  6166 | D:9      | Noticed a flayed ghost
  6166 | D:9      | Noticed a yaktaur captain
  6302 | D:9      | Found a sparkling altar of Nemelex Xobeh.
  6380 | D:10     | Entered Level 10 of the Dungeon
  6484 | D:10     | Noticed a komodo dragon
  6687 | D:10     | Killed a komodo dragon
  6687 | D:10     | Reached *** piety under Okawaru
  6687 | D:10     | Reached skill level 1 in Fighting
  6730 | D:10     | Noticed an unseen horror
  6751 | D:10     | Killed an unseen horror
  6751 | D:10     | Reached skill level 9 in Air Magic
  6754 | D:10     | Noticed a tengu warrior
  6778 | D:10     | Slain by a tengu warrior

Skill      XL: |  1  2  3  4  5  6  7  8  9 10 |
---------------+-------------------------------+-----
Stealth        | 3 4 6 7 8 |  8.4
Dodging        | 4 5 |  5.0
Air Magic      | 5 6 7 8 9 |  9.0
Evocations     | 2 3 4 5 |  5.0
Armour         | 2 4 6 |  6.0
Hexes          | 2 4 |  4.4
Fighting       | 1 |  1.6
Spellcasting   | |  1.5
Conjurations   | |  0.7

Action                   |  1- 3 |  4- 6 |  7- 9 | 10-12 || total
-------------------------+-------+-------+-------+-------++-------
Melee: Unarmed           |    22 |       |       |       ||    22
       Whip              |       |       |    13 |       ||    13
       Flail             |       |       |    21 |       ||    21
       Scimitar          |       |       |    31 |    19 ||    50
Throw: Tomahawk          |       |       |       |     1 ||     1
 Cast: Shock             |    56 |    11 |   285 |    78 ||   430
       Airstrike         |       |       |     1 |     4 ||     5
       Confuse           |       |       |       |     5 ||     5
Evoke: Wand              |       |     3 |     5 |     5 ||    13
  Use: Scroll            |     7 |     1 |    11 |     1 ||    20
       Potion            |     2 |     1 |     4 |     1 ||     8
 Stab: Sleeping          |       |       |     4 |       ||     4
       Confused          |       |       |       |     2 ||     2
  Eat: Chunk             |     1 |     1 |    19 |     6 ||    27
       Fruit             |       |       |     4 |       ||     4
Armor: Robe              |    14 |     6 |    12 |     6 ||    38
Dodge: Dodged            |    75 |    46 |   164 |    37 ||   322
       Rpst.: Scimitar   |       |       |    20 |    12 ||    32
       Falchion          |       |       |     1 |       ||     1
